 Dungeon Crawl Stone Soup version 0.28.0-43-g3370ac3207 (webtiles) character file.

Game seed: 11934220195833580872

16128 pkoi the Destroyer (level 12, -34/71 (89) HPs)
             Began as a Yellow Draconian Conjurer on Mar 1, 2022.
             Was a Priest of Sif Muna.
             Killed from afar by Nergalle (42 damage)
             ... with a bolt of negative energy
             ... on level 2 of the Lair of Beasts.
             The game lasted 00:34:25 (20607 turns).

pkoi the Destroyer (Yellow Draconian Conjurer)     Turns: 20607, Time: 00:34:27

HP:   -34/71 (89)   AC: 17    Str: 11    XL:     12   Next: 7%
MP:   4/33          EV: 12    Int: 22    God:    Sif Muna [***...]
Gold: 523           SH:  7    Dex: 10    Spells: 15/27 levels left

rFire   . . .      SeeInvis .   A - +3 whip (freeze)
rCold   . . .      Faith    .   y - +3 buckler {reflect}
rNeg    . . .      Spirit   .   (armour unavailable)
rPois   .          Reflect  +   (helmet restricted)
rElec   .          Harm     .   g - +0 cloak
rCorr   +          Rampage  .   c - +2 pair of gloves
Will    .....                   v - +0 pair of boots
Stlth   ++........              (no amulet)
HPRegen 0.21/turn               l - ring of magical power
MPRegen 0.23/turn               m - +4 ring of protection

@: heavily drained
A: spit acid, AC +8, unfitting armour, cold-blooded, acid resistance
a: Breathe Acid, Renounce Religion, Channel Magic, Forget Spell


You were on level 2 of the Lair of Beasts.
You worshipped Sif Muna.
Sif Muna was most pleased with you.
You visited 3 branches of the dungeon, and saw 13 of its levels.
You also visited: Bailey.

You collected 523 gold pieces.

Inventory:

Hand Weapons
 a - a +5 scimitar
 q - a +4 vampiric club
 A - a +3 whip of freezing (weapon)
Missiles
 e - 2 curare-tipped darts
 i - 5 boomerangs of dispersal
 B - 2 throwing nets
Armour
 c - a +2 pair of gloves (worn)
 g - a +0 cloak (worn)
 v - a +0 pair of boots (worn)
 y - a +3 buckler of reflection (worn)
Jewellery
 b - a +6 ring of dexterity
 k - a ring of protection from fire
 l - a ring of magical power (left hand)
 m - a +4 ring of protection (right hand)
 p - an amulet of faith
 x - a ring of fire
Wands
 o - a wand of polymorph (10)
 s - a wand of digging (3)
 t - a wand of iceblast (7)
 u - a wand of flame (10)
Scrolls
 d - 3 scrolls of enchant weapon
 f - 2 scrolls of identify
 h - a scroll of blinking
 j - 2 scrolls of fog
 r - 10 scrolls of teleportation
 E - a scroll of amnesia
Potions
 n - 3 potions of heal wounds
 w - 2 potions of brilliance
 z - 4 potions of curing
 C - a potion of flight
 D - a potion of resistance


   Skills:
 - Level 3.0 Fighting
 - Level 3.0 Dodging
 - Level 3.0 Stealth
 - Level 3.0 Shields
 + Level 8.1 Spellcasting
 + Level 14.5 Conjurations
 + Level 4.1 Hexes
 + Level 7.6 Translocations
 - Level 3.0 Invocations


You had 15 spell levels left.
You knew the following spells:

 Your Spells              Type           Power      Damage    Failure   Level
a - Magic Dart            Conj           100%       1d8       1%          1
b - Searing Ray           Conj           100%       2d8       1%          2
c - Iskenderun's Mystic   Conj/Tloc      55%        2d12      1%          4
d - Fulminant Prism       Conj/Hex       25%        3d14      1%          4
e - Apportation           Tloc           84%        N/A       1%          1

Your spell library contained the following spells:

 Spells                   Type           Power      Damage    Failure   Level
 Foxfire                  Conj/Fire      100%       2x1d9     1%          1
 Conjure Flame            Conj/Fire      41%        6-21      1%          3
 Dazzling Flash           Conj/Hex       100%       N/A       1%          3
 Flame Wave               Conj/Fire      41%        2d9       4%          4
 Animate Skeleton         Necr           16%        N/A       10%         1
 Pain                     Necr           32%        1d5       10%         1
 Summon Small Mammal      Summ           32%        N/A       10%         1
 Inner Flame              Hex/Fire       17%        N/A       12%         3
 Vampiric Draining        Necr           8%         2d6       28%         3


Dungeon Overview and Level Annotations

Branches:
Dungeon (10/15)            Temple (1/1) D:4            Lair (2/6) D:8
 Bailey (visited)
  Swamp: Lair:2-4    Shoals: Lair:2-4     Snake: Lair:2-4    Spider: Lair:2-4
    Orc: D:9-12

Altars:
Ashenzari
Cheibriados
Dithmenos
Elyvilon
Fedhas
Gozag
Hepliaklqana
Kikubaaqudgha
Makhleb
Nemelex Xobeh
Okawaru
Qazlal
Ru
Sif Muna
Trog
Uskayaw
Vehumet
Wu Jian
Xom
Yredelemnul
Zin
The Shining One

Shops:
D:9 *

Annotations:
D:3 1 runed translucent door, Crazy Yiuf
Lair:2 Nergalle


Innate Abilities, Weirdness & Mutations

You can spit globs of acid.
Your golden yellow scales are hard. (AC +8)
You cannot fit into any form of body armour.
You are cold-blooded and may be slowed by cold attacks.
You are resistant to acid. (rCorr)


Message History

Press: ? - help, v - describe, . - travel
Here: Nergalle, wielding a +2 dagger of protection and wearing a +0 robe (severely wounded)
The floor, spattered with blood.
Unknown command.
Aiming: Polymorph
Press: ? - help, Shift-Dir - straight line, f/p - Nergalle
Aim: Nergalle, wielding a +2 dagger of protection and wearing a +0 robe (severely wounded, will become a redback, a deep troll, or a merfolk, chance to affect: 17%)
Okay, then.
Unknown command.
Okay, then.
Unknown command.
Okay, then.
Unknown command.
Nergalle hits you but does no damage.
Unknown command.
You have got your breath back.
Nergalle gestures at you while chanting.
Orcish apparitions take form around you.
Nergalle gestures at the spectral orc while chanting.
The spectral orc seems to speed up.
Nergalle casts a spell at you.
Orcish apparitions take form around you.
The spectral orc barely misses you.
The spectral orc hits you but does no damage.
The spectral orc misses you.
Nergalle gestures at you while chanting.
The bolt of negative energy hits the spectral orc warrior.
The spectral orc warrior completely resists.
The bolt of negative energy hits the spectral orc.
The spectral orc completely resists.
The bolt of negative energy hits you!!
You feel drained.
* * * LOW HITPOINT WARNING * * *
Nergalle casts a spell at you.
The bolt of negative energy hits the spectral orc warrior.
The spectral orc warrior completely resists.
The bolt of negative energy hits the spectral orc.
The spectral orc completely resists.
The bolt of negative energy hits you!!!
You feel drained.
Ouch! That really hurt!
You die...

####.#.###P.### ............
............... ...........##
#............ ............#
#..........## ............#
#..÷.<....... ............#
#..........P. ............#
##....÷.......
...........P#####...........P.
##.........o..ZZ@.............
.....##.##....#..P.#..........
..#..#####....................
.....# ##....#...............
....## #.....#.............#
..... ##..................
..P.# ##......#..+###....
....# #....[.............
..... ....................


You could see Nergalle, a spectral orc (summoned, fast) and a spectral orc
warrior (summoned).

Vanquished Creatures
  A hydra (Lair:1)
  2 two-headed ogres
  Pikel (D:5)
  An orc knight (Bailey)
  A manticore (D:7)
  An ugly thing (D:7)
  A black mamba (Lair:2)
  Maurice (D:8)
  6 trolls
  Grinder (D:3)
  A slime creature (D:7)
  3 blink frogs (Lair:1)
  A dream sheep (Lair:1)
  Prince Ribbit (D:4)
  Sigmund (D:3)
  11 yaks
  Eustachio (D:5)
  4 fire bats (D:8)
  3 wyverns
  A basilisk (Lair:1)
  2 steam dragons
  2 acid dragons
  A hell hound (D:8)
  4 water moccasins
  17 orc warriors
  A black bear (D:6)
  3 sky beasts
  A necrophage (D:5)
  3 ice beasts
  An ogre (D:7)
  6 wolves (D:8)
  A centaur (D:7)
  4 lemures (D:5)
  3 bullfrogs
  Blork the orc (D:5)
  2 gnoll sergeants
  2 scorpions
  2 wyvern skeletons
  A water moccasin zombie (D:6)
  3 killer bees (D:9)
  3 wights (D:9)
  9 electric eels
  3 howler monkeys (D:9)
  2 lava snakes (D:8)
  A centaur zombie (D:9)
  A bullfrog zombie (D:6)
  A centaur skeleton (D:6)
  4 hounds
  4 jellies
  8 orc priests
  Jessica (D:3)
  Ijyb (D:3)
  3 iguanas
  5 orc wizards
  15 gnolls
  3 adders
  An adder skeleton (D:4)
  3 dart slugs
  40 orcs
  4 bats
  8 endoplasms
  A giant cockroach (D:4)
  14 goblins
  24 hobgoblins
  7 jackals
  3 kobolds
  2 quokkas (D:1)
  7 ball pythons
  3 frilled lizards
  3 rats
  3 fire vortices (D:8)
290 creatures vanquished.

Vanquished Creatures (others)
  14 fulminant prisms
  4 fungi
  14 plants
32 creatures vanquished.

Grand Total: 322 creatures vanquished

Notes
Turn   | Place    | Note
-------+----------+-------------------------------------------
     0 | D:1      | pkoi the Draconian Conjurer began the quest for the Orb.
     0 | D:1      | Reached XP level 1. HP: 14/14 MP: 3/3
     5 | D:1      | Found an ornate altar of the Wu Jian Council.
   433 | D:1      | Reached XP level 2. HP: 20/20 MP: 3/5
  1279 | D:2      | Reached skill level 5 in Conjurations
  1336 | D:2      | Reached XP level 3. HP: 17/26 MP: 3/6
  2734 | D:3      | Learned a level 2 spell: Searing Ray
  2797 | D:3      | Noticed Sigmund
  2797 | D:3      | Noticed Jessica
  2799 | D:3      | Killed Jessica
  2800 | D:3      | Reached XP level 4. HP: 33/33 MP: 7/7
  2803 | D:3      | Killed Sigmund
  2804 | D:3      | Reached skill level 7 in Conjurations
  2804 | D:3      | Reached XP level 5. HP: 28/38 MP: 8/8
  3230 | D:3      | Noticed Ijyb
  3244 | D:3      | Killed Ijyb
  3245 | D:3      | Reached XP level 6. HP: 22/45 MP: 4/9
  3427 | D:3      | Found a faded altar of an unknown god.
  3493 | D:3      | Noticed Grinder
  3494 | D:3      | Paralysed by Grinder for 4 turns
  3506 | D:3      | Killed Grinder
  3507 | D:3      | Reached skill level 8 in Conjurations
  3910 | D:3      | Found a runed translucent door.
  3911 | D:3      | Noticed Crazy Yiuf
  4323 | D:4      | Your scales start taking on a golden yellow colour.
  4323 | D:4      | Reached XP level 7. HP: 50/50 MP: 10/10
  4323 | D:4      | Gained mutation: You are resistant to acid. (rCorr) [Yellow
                  | Draconian growth]
  4369 | D:4      | Found a staircase to the Ecumenical Temple.
  4381 | Temple   | Entered the Ecumenical Temple
  4747 | Temple   | Became a worshipper of Sif Muna the Loreminder
  5265 | D:4      | Reached skill level 1 in Invocations
  5837 | D:5      | Entered Level 5 of the Dungeon
  5890 | D:5      | Reached skill level 9 in Conjurations
  6020 | D:5      | You fall into a shaft and drop 1 floor!
  6373 | D:5      | Noticed Prince Ribbit
  6584 | D:4      | Reached XP level 8. HP: 57/57 MP: 11/11
  6594 | D:4      | Killed Prince Ribbit
  6595 | D:4      | Reached skill level 10 in Conjurations
  6697 | D:5      | Noticed Eustachio
  6716 | D:5      | Noticed Pikel
  6717 | D:5      | Killed Eustachio
  6741 | D:5      | Killed Pikel
  6742 | D:5      | Reached skill level 11 in Conjurations
  7255 | D:5      | Noticed Blork the orc
  7262 | D:5      | Killed Blork the orc
  7506 | D:5      | Reached skill level 12 in Conjurations
  7506 | D:5      | Reached XP level 9. HP: 62/62 MP: 12/12
  7650 | D:5      | Learned a level 4 spell: Iskenderun's Mystic Blast
  8113 | D:6      | Reached skill level 1 in Translocations
  8518 | D:6      | Found a broken altar of Ashenzari.
  8849 | D:6      | Reached * piety under Sif Muna
  9536 | D:7      | Noticed a manticore
  9536 | D:7      | Noticed a troll
  9536 | D:7      | Noticed a troll
  9536 | D:7      | Noticed a red ugly thing
  9538 | D:7      | Noticed a two-headed ogre
  9546 | D:7      | Noticed a troll
  9569 | D:6      | Killed a troll
 10342 | D:7      | Killed a troll
 10707 | D:7      | Killed a red ugly thing
 10708 | D:7      | Reached XP level 10. HP: 56/69 MP: 1/17
 10854 | D:7      | Identified the +0 scale mail of the Cuttlefish {+Inv rElec
                  | rC- Int+4}
 10893 | D:7      | Reached skill level 5 in Spellcasting
 10893 | D:7      | Reached skill level 13 in Conjurations
 10956 | D:7      | Killed a two-headed ogre
 10957 | D:7      | Reached skill level 5 in Translocations
 11425 | D:7      | Killed a manticore
 11793 | D:7      | Noticed an orc knight
 12062 | D:8      | Noticed Maurice
 12077 | D:8      | Killed Maurice
 12311 | D:8      | Learned a level 4 spell: Fulminant Prism
 12901 | D:8      | Noticed a two-headed ogre
 12920 | D:8      | Killed a two-headed ogre
 12921 | D:8      | Reached skill level 1 in Fighting
 12921 | D:8      | Reached XP level 11. HP: 77/77 MP: 2/21
 13064 | D:8      | Reached skill level 1 in Shields
 13736 | D:8      | Reached ** piety under Sif Muna
 13841 | D:8      | Found a staircase to the Lair.
 14027 | D:8      | Reached skill level 1 in Hexes
 14396 | D:8      | Found a bloodstained altar of Trog.
 14506 | D:8      | Reached skill level 14 in Conjurations
 15390 | D:9      | Found a flagged portal.
 15424 | Bailey   | Entered a bailey
 15713 | Bailey   | Noticed an orc knight
 15751 | Bailey   | Killed an orc knight
 16105 | Bailey   | Noticed an orc knight
 16401 | Bailey   | Noticed an orc knight
 16450 | Bailey   | Reached *** piety under Sif Muna
 16528 | Bailey   | Noticed an orc warlord
 17137 | D:9      | Found Catich's Assorted Antiques.
 17731 | D:10     | Entered Level 10 of the Dungeon
 17860 | D:10     | Noticed a boulder beetle
 18049 | D:10     | Learned a level 1 spell: Apportation
 18170 | Lair:1   | Entered Level 1 of the Lair of Beasts
 18761 | Lair:1   | Noticed a six-headed hydra
 19376 | Lair:1   | Killed a six-headed hydra
 19377 | Lair:1   | Reached XP level 12. HP: 72/89 MP: 15/24
 20575 | Lair:2   | Noticed Nergalle
 20607 | Lair:2   | Killed from afar by Nergalle

Illustrated notes

Levels and vault maps discovered:
D:1:      dpeg_arrival_lava_altar, layout_loops_ring, minmay_pentomino_s4
D:2:      layout_rooms
D:3:      layout_loops_corners, ebering_ecumenical_altar_box, uniq_sigmund,
          uniq_crazy_yiuf_cottage, uniq_grinder, uniq_ijyb, uniq_jessica
D:4:      layout_basic, minmay_temple_entry_drinking_statues
D:5:      layout_rooms, uniq_blork_the_orc, uniq_pikel, uniq_prince_ribbit1,
          uniq_eustachio
D:6:      layout_basic, mainiacjoe_overflow_catwalk
D:7:      layout_basic, minmay_the_grid_2x2 [minmay_the_grid_all_tris,
          minmay_the_grid_armoury, minmay_the_grid_minigrid_medium,
          minmay_the_grid_prize_four_corners_diamond_b]
D:8:      layout_basic, mainiacjoe_overflow_alcove_2, erik_lair_island,
          serial_curves, eino_curves_04, eino_curves_04, eino_curves_02,
          eino_curves_04, hangedman_incinerator, uniq_maurice
D:9:      layout_roguey, serial_shops, nicolae_take_the_stairs, enter_bailey_2
D:10:     layout_roguey, hiddenorc1_lemuel, minmay_misc_feat_alley
Temple:   mainiacjoe_temple_cubbyholes
Lair:1:   layout_roguey, grunt_forest_small_clearing_treed, wad_woods_river_01
Lair:2:   layout_chaotic_city, serial_bayou_shore_b, lemuel_fruit_fields,
          uniq_nergalle

Skill      XL: |  1  2  3  4  5  6  7  8  9 10 11 12 |
---------------+-------------------------------------+-----
Conjurations   | 5 7 8 9 12 13 14 | 14.5
Invocations    | 3 |  3.0
Translocations | 4 6 7 |  7.6
Spellcasting   | 4 6 8 |  8.1
Fighting       | 1 3 |  3.0
Dodging        | 2 3 |  3.0
Stealth        | 2 3 |  3.0
Shields        | 3 |  3.0
Hexes          | 3 4 |  4.1

Action                   |  1- 3 |  4- 6 |  7- 9 | 10-12 || total
-------------------------+-------+-------+-------+-------++-------
Melee: Unarmed           |    96 |       |       |       ||    96
       Tailslap          |     4 |       |     9 |    18 ||    31
       Punch             |     1 |       |     2 |       ||     3
       Quarterstaff      |     3 |       |       |       ||     3
       Short sword       |     1 |       |       |       ||     1
       Club              |       |       |     8 |       ||     8
       Whip              |       |       |    37 |   122 ||   159
 Cast: Magic Dart        |    80 |    39 |    96 |   210 ||   425
       Searing Ray       |     1 |     7 |    42 |    34 ||    84
       Iskenderun's Myst |       |       |    11 |   112 ||   123
       Fulminant Prism   |       |       |       |    14 ||    14
 Abil: Breathe Acid      |       |       |     6 |     8 ||    14
  Use: Scroll            |       |       |    15 |     4 ||    19
       Potion            |       |       |       |     3 ||     3
 Stab: Distracted        |       |       |       |     2 ||     2
Armor: Skin              |    59 |     4 |    51 |    86 ||   200
Dodge: Dodged            |   103 |     5 |    76 |   140 ||   324
Block: Buckler           |       |       |       |    77 ||    77
